 Dungeon Crawl Stone Soup version 0.21.1-1-g345015fe64 (webtiles) character file.

110 Gargoyl the Skirmisher (level 4, 0/40 HPs)
             Began as a Centaur Abyssal Knight on July 16, 2018.
             Was a Follower of Lugonu.
             Slain by a gnoll
             ... wielding a +0 halberd
              (10 damage)
             ... on level 3 of the Dungeon.
             The game lasted 00:03:28 (2163 turns).

Gargoyl the Skirmisher (Centaur Abyssal Knight)     Turns: 2163, Time: 00:03:29

Health: 0/40       AC:  4    Str: 15    XL:     4   Next: 61%
Magic:  15/15      EV:  4    Int: 11    God:    Lugonu [*.....]
Gold:   140        SH: 11    Dex:  9    Spells: 3/3 levels left

rFire    . . .     SeeInvis .   d - +3 hand axe "Kuuzeg Elio" {freeze, rElec rPois MP+9}
rCold    . . .     Gourm    .   h - +1 large shield
rNeg     . . .     Faith    .   b - +0 leather armour
rPois    +         Spirit   .   (no helmet)
rElec    +         Reflect  .   (no cloak)
rCorr    .         Harm     .   (no gloves)
MR       .....                  (no barding)
Stlth    ..........             (no amulet)
HPRegen  0.13/turn              (no ring)
MPRegen  0.14/turn              (no ring)

@: very quick
A: large, hooves 3, deformed body, speed 2, tough skin 3
a: Depart the Abyss, Renounce Religion


You were on level 3 of the Dungeon.
You worshipped Lugonu.
Lugonu was aware of your devotion.
You were not hungry.

You visited 1 branch of the dungeon, and saw 3 of its levels.
You visited the Abyss 1 time.

You collected 140 gold pieces.

Inventory:

Hand Weapons
 a - a +1 hand axe
 d - the +3 hand axe "Kuuzeg Elio" (weapon) {freeze, rElec rPois MP+9}
   (You found it on level 2 of the Abyss)

   It has been specially enchanted to freeze those struck by it, causing extra
   injury to most foes and up to half again as much damage against particularly
   susceptible opponents.
   It can also slow down cold-blooded creatures.
   It insulates you from electricity.
   It protects you from poison.
   It affects your magic capacity (+9).
Armour
 b - a +0 leather armour (worn)
 h - a +1 large shield (worn)
Scrolls
 j - 3 scrolls of identify
Potions
 e - a potion of degeneration
 f - a potion of resistance {unknown}
 g - 3 potions of curing {unknown}
 i - a potion of flight {unknown}
 k - a potion of magic {unknown}
Comestibles
 c - 7 rations


   Skills:
 + Level 3.6 Fighting
 + Level 2.4 Axes
 * Level 2.2 Armour
 + Level 0.9 Dodging
 + Level 0.3 Shields
 * Level 2.9 Invocations


You had 3 spell levels left.
You didn't know any spells.

Dungeon Overview and Level Annotations

Branches:
Dungeon (3/15)

Altars:
Elyvilon
Fedhas
Xom
Yredelemnul


Innate Abilities, Weirdness & Mutations

You have hooves in place of feet.
Armour fits poorly on your strangely shaped body.
You cover ground very quickly.
You have extremely tough skin. (AC +3)


Message History

Unknown command.
You hit the gnoll. You freeze the gnoll.
You kill the gnoll!
Lugonu accepts your kill. You block the gnoll's attack.
Unknown command.
The gnoll hits you with a halberd!
Your shield prevents you from hitting the gnoll.
You kick the gnoll!
The gnoll is almost dead.
You hit the gnoll. You freeze the gnoll.
The gnoll is moderately wounded.
You closely miss the gnoll. The gnoll hits you with a halberd!
The gnoll hits you.
* * * LOW HITPOINT WARNING * * *
You hit the gnoll. You freeze the gnoll.
The gnoll is severely wounded.
You barely miss the gnoll. The gnoll completely misses you.
The gnoll hits you with a halberd!
You die...

#.# #.# #.# #.# #.# ###
#.# ##.## #######.##
##.#.#### ......g@>#
##.###....
#######g.######.#.#.#.##
#.......(.##.##.#
#...<.###.#####.#
#..........###.## ###
#.#######.#...## #.. #.#
#.##### #.# #.# #.# #.#
#.# #.#


You could see 2 gnolls.

Vanquished Creatures
  A scorpion (D:1)
  A gnoll (D:3)
  2 worms (D:2)
  2 dart slugs
  2 leopard geckos (D:2)
  6 bats
  A giant cockroach (D:1)
  4 goblins
  3 hobgoblins
  3 jackals (D:3)
  9 kobolds
  A ball python (D:2)
  5 frilled lizards
  4 rats
44 creatures vanquished.

Notes
Turn   | Place    | Note
-------+----------+-------------------------------------------
     0 | Abyss:1  | Gargoyl the Centaur Abyssal Knight began the quest for the Orb.
     0 | Abyss:1  | Reached XP level 1. HP: 19/19 MP: 2/2
     5 | Abyss:1  | Found a corrupted altar of Lugonu.
    10 | Abyss:1  | Noticed a small abomination
    19 | Abyss:2  | Got a crystal hand axe
    20 | Abyss:2  | Noticed a starcursed mass
    20 | D:1      | Escaped the Abyss
    23 | D:1      | Identified the +3 hand axe "Kuuzeg Elio" {freeze, rElec rPois MP+9} (You found it on level 2 of the Abyss)
   240 | D:1      | Reached XP level 2. HP: 26/26 MP: 3/3
   259 | D:1      | Reached * piety under Lugonu
   836 | D:2      | Found a white marble altar of Elyvilon.
   837 | D:2      | Noticed a scorpion
   873 | D:1      | Killed a scorpion
   873 | D:1      | Reached XP level 3. HP: 25/31 MP: 4/4
  1029 | D:2      | Reached XP level 4. HP: 7/39 MP: 6/6
  1066 | D:2      | Found a basalt altar of Yredelemnul.
  1069 | D:2      | Found a shimmering altar of Xom.
  1555 | D:2      | Found a blossoming altar of Fedhas.
  2163 | D:3      | Slain by a gnoll

Skill      XL: |  1  2 |
---------------+-------+-----
Axes           | 2 |  2.4
Armour         | 2 |  2.2
Fighting       | |  3.6
Dodging        | |  0.9
Shields        | |  0.3
Invocations    | |  2.9

Action                   |  1- 3 |  4- 6 || total
-------------------------+-------+-------++-------
Melee: Hand axe          |    45 |    51 ||    96
       Kick              |     4 |     7 ||    11
Invok: Depart the Abyss  |     1 |       ||     1
  Use: Scroll            |     4 |       ||     4
  Eat: Chunk             |       |     3 ||     3
Armor: Leather armour    |    19 |    25 ||    44
Dodge: Dodged            |     8 |    13 ||    21
Block: Large shield      |    20 |    38 ||    58
